 Dungeon Crawl Stone Soup version 0.30.0-17-ge0270778cf (webtiles) character file.

Game seed: 4686622971093039081

875 browni3141 the Thaumaturge (level 7, -5/50 HPs)
             Began as a Mummy Summoner on May 21, 2023.
             Was an Initiate of Kikubaaqudgha.
             Killed from afar by an orc wizard (13 damage)
             ... with a puff of flame
             ... on level 5 of the Dungeon.
             The game lasted 00:06:10 (3936 turns).

browni3141 the Thaumaturge (Mummy Summoner)         Turns: 3936, Time: 00:06:11

Health: -5/50      AC:  3    Str: 11    XL:     7   Next: 74%
Magic:  15/19      EV: 12    Int: 17    God:    Kikubaaqudgha [......]
Gold:   361        SH:  0    Dex: 12    Spells: 11/23 levels left

rFire   x . .        a - +2 whip (elec)
rCold   + . .        (no shield)
rNeg    + + +        U - +0 robe
rPois   ∞            g - +0 helmet
rElec   .            (no cloak)
rCorr   .            (no gloves)
SInv    .            (no boots)
Will    .....        (no amulet)
Stlth   ++           (no ring)
HPRegen 0.28/turn    (no ring)
MPRegen 0.16/turn

%: faith
@: no status effects
A: cold resistance 1, negative energy resistance 3, torment resistance 2, heat
vulnerability 1, in touch with death 1, no potions, faith
a: Renounce Religion


You were on level 5 of the Dungeon.
You worshipped Kikubaaqudgha.
Kikubaaqudgha was noncommittal.
You visited 2 branches of the dungeon, and saw 6 of its levels.

You collected 361 gold pieces.

Inventory:

Hand Weapons
 a - a +2 whip of electrocution (weapon)
 b - a +0 spear of venom
 f - a +0 mace of venom
 X - a +4 dagger of venom
Missiles
 J - 6 curare-tipped darts
 Y - 4 poisoned darts
Armour
 g - a +0 helmet (worn)
 U - a +0 robe (worn)
Wands
 V - a wand of flame (7)
 W - a wand of digging (6)
Scrolls
 c - a scroll of teleportation {unknown}
 d - a scroll of torment {unknown}
 e - 2 scrolls of vulnerability {unknown}
 R - a scroll of amnesia {unknown}
 S - 2 scrolls of magic mapping {unknown}
 T - a scroll of noise {unknown}
 Z - 3 scrolls of identify {unknown}


   Skills:
 - Level 2.0 Fighting
 - Level 1.5 Dodging
 - Level 1.5 Stealth
 * Level 8.6 Spellcasting
 - Level 5.0 Summonings
 * Level 1.7 Necromancy


You had 11 spell levels left.
You knew the following spells:

 Your Spells              Type           Power      Damage    Failure   Level
a - Call Canine Familiar  Summ           24%        N/A       3%          3
g - Summon Guardian Gole  Hex/Summ       15%        N/A       11%         3
v - Vampiric Draining     Necr           20%        2d7       14%         3
x - Call Imp              Summ           48%        N/A       1%          2
z - Summon Small Mammal   Summ           96%        N/A       1%          1

Your spell library contained the following spells:

 Spells                   Type           Power      Damage    Failure   Level
 Freeze                   Ice            28%        1d5       10%         1
 Slow                     Hex            28%        N/A       10%         1
 Confusing Touch          Hex            7%         N/A       28%         3
 Frozen Ramparts          Ice            14%        1d3       28%         3
 Hailstorm                Conj/Ice       7%         3d4       28%         3
 Summon Lightning Spire   Summ/Air       15%        N/A       34%         4


Dungeon Overview and Level Annotations

Branches:
Dungeon (5/15)             Temple (1/1) D:5

Altars:
Cheibriados
Fedhas
Gozag
Hepliaklqana
Kikubaaqudgha
Nemelex Xobeh
Okawaru
Qazlal
Uskayaw
Vehumet
Wu Jian
Xom
Yredelemnul


Innate Abilities, Weirdness & Mutations

You are immune to poison.
Your flesh is cold resistant. (rC+)
You are immune to negative energy. (rN+++)
You are immune to unholy pain and torment.
You are vulnerable to heat. (rF-)
You are in touch with the powers of death.
You do not drink.
You have a special connection with the divine. (Faith)


Message History

Something kicks your cerulean imp. The phantom hits you.
Your cerulean imp closely misses the phantom.
Something hits your cerulean imp. Something kicks your cerulean imp.
The orc closely misses your cerulean imp.
Casting: Call Canine Familiar (dangerous; 3% risk of failure)
Confirm with . or Enter, or press ? or * to list all spells.
A guardian golem appears, shielding your allies.
The phantom hits you.
* * * LOW HITPOINT WARNING * * *
The phantom blinks!
You blink.
Your cerulean imp hits the phantom but does no damage.
Your hound bites the phantom.
The centaur zombie completely misses your cerulean imp.
The centaur zombie kicks your cerulean imp but does no damage.
The orc barely misses your cerulean imp.
You hit the phantom.
The phantom is heavily damaged.
Your hound bites the phantom but does no damage.
The phantom hits you but does no damage.
The centaur zombie barely misses your cerulean imp.
The centaur zombie kicks your cerulean imp.
Your cerulean imp hits the centaur zombie with a -2 spear.
Your hound closely misses the phantom.
The orc misses your cerulean imp.
You hit the phantom.
The phantom is severely damaged.
The centaur zombie hits your cerulean imp.
The centaur zombie kicks your cerulean imp.
The phantom closely misses you.
Your cerulean imp hits the centaur zombie from afar with a -2 spear.
Your hound bites the phantom but does no damage.
The orc completely misses your cerulean imp.
The phantom misses you.
You barely miss the phantom.
The phantom is severely damaged.
Your hound completely misses the phantom.
Your cerulean imp says, "OK, boss!"
Your cerulean imp hits the centaur zombie but does no damage.
The orc hits your cerulean imp with a +0 whip.
Your hound bites the phantom but does no damage.
The phantom hits you.
* * * LOW HITPOINT WARNING * * *
The phantom blinks!
You blink.
The orc wizard hits your cerulean imp with a +0 dagger.
You barely miss the phantom.
The phantom is severely damaged.
Your cerulean imp hits the orc with a -2 spear.
The orc hits your cerulean imp with a +0 whip.
The phantom hits you.
* * * LOW HITPOINT WARNING * * *
The orc wizard barely misses your cerulean imp.
Your cerulean imp hits the orc with a -2 spear.
The orc dies!
Kikubaaqudgha accepts your kill.
You barely miss the phantom.
The phantom is severely damaged.
Your hound barely misses the phantom.
Your hound closely misses the phantom.
The phantom hits you.
* * * LOW HITPOINT WARNING * * *
The phantom blinks!
You blink.
You closely miss the phantom.
The phantom is severely damaged.
The phantom barely misses you.
You barely miss the phantom.
The phantom is severely damaged.
The phantom hits you!
* * * LOW HITPOINT WARNING * * *
The phantom blinks!
You blink.
You barely miss the phantom.
The phantom is severely damaged.
The phantom barely misses you.
You miss the phantom.
The phantom is severely damaged.
Your hound closely misses the phantom.
The phantom hits you but does no damage.
Your hound completely misses the phantom.
You barely miss the phantom.
The phantom is severely damaged.
Your hound bites the phantom.
The phantom hits you but does no damage.
Your cerulean imp hits the phantom but does no damage.
The phantom attacks as you move away! The phantom barely misses you.
Your hound completely misses the phantom.
Your hound bites the phantom but does no damage.
Your cerulean imp barely misses the phantom.
You swap places.
Your hound barely misses the phantom.
The phantom hits your hound.
The phantom blinks!
Your hound blinks!
Your hound bites the phantom.
The phantom hits your hound.
Your hound bites the phantom.
Your hound closely misses the phantom.
The phantom closely misses your hound.
Your cerulean imp closely misses the phantom.
Your hound closely misses the phantom.
The phantom misses your hound.
Your cerulean imp hits the phantom from afar with a -2 spear.
Your hound bites the phantom.
The phantom is destroyed!
Kikubaaqudgha accepts your kill.
The orc wizard gestures at you while chanting.
The puff of flame hits you! The fire burns you terribly!
You die...
Kikubaaqudgha rasps: "You have failed me!
Welcome... oblivion!"

#.# ##....>.....
#.######..#####.#.
#.........##
#########.......
#o#####.
##########.#
........5..#####.#
........9.........
######h.@#........
#####.######. #.#
#.. ###


You could see an orc wizard (ally target), a friendly guardian golem (summoned),
a friendly hound (summoned, sheltered) and a friendly cerulean imp (summoned,
sheltered).

Vanquished Creatures
  A phantom (D:5)
  2 scorpions
  A centaur zombie (D:5)
  A howler monkey (D:4)
  A hound (D:3)
  A bullfrog zombie (D:5)
  An orc priest (D:3)
  A bullfrog skeleton (D:5)
  Jessica (D:3)
  Ijyb (D:3)
  A hound skeleton (D:5)
  Robin (D:2)
  5 adders
  A worm (D:2)
  A dart slug (D:3)
  10 orcs
  3 ball pythons
  7 endoplasms
  6 goblins
  5 hobgoblins
  8 jackals
  2 quokkas
  4 bats
  4 kobolds
  3 rats
72 creatures vanquished.

Vanquished Creatures (collateral kills)
  A phantom (D:5)
  3 orc priests
  2 orc wizards (D:4)
  2 adders
  A dart slug (D:1)
  9 orcs
  2 bats (D:1)
  3 endoplasms (D:1)
  2 giant cockroaches (D:1)
  9 goblins
  8 jackals
  2 quokkas
  6 ball pythons
  2 rats (D:1)
52 creatures vanquished.

Grand Total: 124 creatures vanquished

Notes
Turn   | Place    | Note
-------+----------+-------------------------------------------
     0 | D:1      | browni3141 the Mummy Summoner began the quest for the Orb.
     0 | D:1      | Reached XP level 1. HP: 13/13 MP: 4/4
   174 | D:1      | Reached XP level 2. HP: 8/22 MP: 3/5
   178 | D:1      | Learned a level 2 spell: Call Imp
   408 | D:1      | Reached skill level 3 in Spellcasting
   525 | D:1      | Found a faded altar of an unknown god.
   585 | D:1      | Gained mutation: You are in touch with the powers of death.
                  | [Mummy growth]
   585 | D:1      | Reached XP level 3. HP: 25/27 MP: 3/7
  1122 | D:2      | Reached skill level 4 in Spellcasting
  1303 | D:2      | Reached XP level 4. HP: 28/33 MP: 8/10
  1428 | D:2      | Noticed Robin
  1437 | D:2      | Killed Robin
  1618 | D:2      | Learned a level 3 spell: Call Canine Familiar
  1807 | D:3      | Noticed Ijyb
  1816 | D:3      | Killed Ijyb
  1900 | D:3      | Reached skill level 5 in Spellcasting
  1936 | D:3      | Reached XP level 5. HP: 36/38 MP: 12/12
  1969 | D:3      | Noticed Jessica
  1976 | D:3      | Killed Jessica
  2177 | D:3      | Reached skill level 6 in Spellcasting
  2290 | D:3      | Reached XP level 6. HP: 13/44 MP: 5/15
  2789 | D:4      | Reached skill level 7 in Spellcasting
  3061 | D:4      | Reached XP level 7. HP: 48/50 MP: 17/17
  3488 | D:5      | Entered Level 5 of the Dungeon
  3595 | D:5      | Reached skill level 8 in Spellcasting
  3742 | D:5      | Found a staircase to the Ecumenical Temple.
  3747 | Temple   | Entered the Ecumenical Temple
  3820 | Temple   | Became a worshipper of Kikubaaqudgha
  3841 | D:5      | Learned a level 3 spell: Summon Guardian Golem
  3845 | D:5      | Learned a level 3 spell: Vampiric Draining
  3936 | D:5      | Killed from afar by an orc wizard

Illustrated notes

Levels and vault maps discovered:
D:1:      scummos_arrival_simple_fountains, layout_basic,
          ebering_ecumenical_altar_hall, hangedman_abyss_or_decor_lesser_grid,
          hangedman_decor_growths
D:2:      layout_basic, minmay_misc_feat_rows, uniq_robin
D:3:      layout_loops_cross, uniq_ijyb, uniq_jessica
D:4:      cheibrodos_pilgrimage, layout_gridville, grunt_ministairs_10
D:5:      layout_loops_ring, temple_statues, serial_undead, serial_undead_a,
          serial_undead_d, serial_undead_d, serial_undead_b, serial_undead_f,
          serial_undead_e
Temple:   hellmonk_temple_of_storms

Skill      XL: |  1  2  3  4  5  6  7 |
---------------+----------------------+-----
Fighting       | 1 2 |  2.0
Spellcasting   | 3 4 5 6 7 8 |  8.6
Summonings     | 4 5 |  5.0
Necromancy     | 1 |  1.7
Dodging        | |  1.5
Stealth        | |  1.5

Action                     |  1- 3 |  4- 6 |  7- 9 || total
---------------------------+-------+-------+-------++-------
  Melee: Unarmed           |    74 |       |       ||    74
         Punch             |     3 |     1 |     1 ||     5
         Spear             |    37 |   161 |    46 ||   244
         Whip              |       |     1 |    34 ||    35
   Cast: Summon Small Mamm |    12 |     1 |       ||    13
         Call Imp          |    15 |    21 |     7 ||    43
         Call Canine Famil |       |     6 |     2 ||     8
         Summon Guardian G |       |       |     1 ||     1
   Stab: Distracted        |     1 |     1 |       ||     2
         Sleeping          |       |       |     2 ||     2
 Armour: Robe              |    37 |    17 |    15 ||    69
  Dodge: Dodged            |   102 |    82 |    42 ||   226
